 Dungeon Crawl Stone Soup version 0.31-a0-986-g5e6e4ef867 (webtiles) character file.

Game seed: 8234312586446655925

126 lunkers the Slasher (level 5, -7/45 HPs)
             Began as a Meteoran Fighter on Nov 9, 2023.
             Mangled by Crazy Yiuf
             ... wielding a +3 quarterstaff of chaos
              (18 damage)
             ... on level 3 of the Dungeon.
             The game lasted 00:01:43 (1186 turns).

lunkers the Slasher (Meteoran Fighter)              Turns: 1186, Time: 00:01:44

Health: -7/45      AC: 11    Str: 18    XL:     5   Next: 59%
Magic:  0/6        EV:  9    Int:  9    God:
Gold:   96         SH:  5    Dex: 15    Spells: 4/4 levels left

rFire   . . .        a - +0 long sword
rCold   . . .        c - +0 buckler
rNeg    . . .        b - +0 scale mail
rPois   .            h - +1 helmet
rElec   .            (no cloak)
rCorr   .            o - +1 Delatra's gloves {ID++}
SInv    .            (no boots)
Will    .....        (no amulet) Stlth
                     (no ring)
HPRegen 0.27/turn    (no ring)
MPRegen 0.10/turn

%: no passive effects
@: glowing
A: sense surroundings 1, otherworldly, glowing, explore regen
a: no special abilities


You were on level 3 of the Dungeon.
You visited 1 branch of the dungeon, and saw 3 of its levels.

You collected 96 gold pieces.

Inventory:

Hand Weapons
 a - a +0 long sword (weapon)
Armour
 b - a +0 scale mail (worn)
 c - a +0 buckler (worn)
 h - a +1 helmet (worn)
 o - the +1 Delatra's gloves (worn) {ID++}
   (You found it on level 3 of the Dungeon)

   ID++:      It heals its wearer when they drink unknown potions, and restores
   their MP when they read unknown scrolls.
Jewellery
 g - an amulet of magic regeneration
Wands
 i - a wand of flame (21)
Scrolls
 p - a scroll of poison {unknown}
Potions
 d - a potion of might
 e - 2 potions of haste {unknown}
 f - 2 potions of invisibility {unknown}
 j - a potion of mutation {unknown}
 k - a potion of brilliance {unknown}
 l - 2 potions of heal wounds {unknown}
 m - a potion of ambrosia {unknown}
 n - 2 potions of curing {unknown}


   Skills:
 - Level 3.2 Fighting
 * Level 6.2 Long Blades
 - Level 3.2 Armour
 - Level 3.2 Shields


You had 4 spell levels left.
You didn't know any spells.
Your spell library contained the following spells:

 Spells                   Type           Power      Damage    Failure   Level
 Poisonous Vapours        Pois/Air       0%         N/A       94%         2
 Mephitic Cloud           Conj/Pois/Air  0%         N/A       99%         3
 Freezing Cloud           Conj/Ice/Air   0%         6-21      100%        5


Dungeon Overview and Level Annotations

Branches:
Dungeon (3/15) Zot: 579

Altars:
Makhleb

Shops:
D:2 :

Annotations:
D:3 Crazy Yiuf


Innate Abilities, Weirdness & Mutations

You passively map a small area around you.
You are easily found by Zot.
You glow in the dark.
You regain HP and MP as you explore.


Message History

You enter the shallow water.
Moving in this stuff is going to be slow.
You enter the shallow water.
Moving in this stuff is going to be slow.
There is an open door here.
There is an escape hatch in the floor here.
You open the door.
There is an open door here.
Things that are here:
a +0 dagger; a +0 sling; a goblin skeleton
Found a stone staircase leading up.
No target in view!
No target in view!
There is an open door here.
There is an open door here.
You open the door.
Unknown command.
You hit Crazy Yiuf.
Crazy Yiuf is moderately wounded.
Crazy Yiuf barely misses you.
You barely miss Crazy Yiuf.
Crazy Yiuf is moderately wounded.
Crazy Yiuf hits you with a +3 quarterstaff of chaos!
You feel your power leaking away.
* * * LOW MAGIC WARNING * * *
You hit Crazy Yiuf.
Crazy Yiuf is moderately wounded.
Crazy Yiuf misses you.
You barely miss Crazy Yiuf.
Crazy Yiuf is moderately wounded.
Crazy Yiuf hits you with a +3 quarterstaff of chaos!
* * * LOW HITPOINT WARNING * * *
Crazy Yiuf freezes you.
* * * LOW HITPOINT WARNING * * *
You closely miss Crazy Yiuf.
Crazy Yiuf is moderately wounded.
Crazy Yiuf hits you with a +3 quarterstaff of chaos!
* * * LOW HITPOINT WARNING * * *
You are electrocuted!!
You die...

##...## ####.#
##.>...## ###
#.......##
.........### #####
....>....'.# #..)#
.........### #...#
#.......## *...
##.....## #g#
##...## ♣♣@♣ #####
#### ♣.♣♣ #..# ♣♣.♣
##########.# ♣.♣♣
#...~~~....# ♣♣.♣♣
.########### ♣.P.♣♣
..........## ♣.PPP♣
.##....##..# #....#
#.#..#.#######....#


You could see Crazy Yiuf.

Vanquished Creatures
  Terence (D:3)
  An orc wizard (D:3)
  3 adders
  5 orcs (D:3)
  3 bats (D:1)
  6 endoplasms
  A giant cockroach (D:2)
  3 goblins
  4 hobgoblins (D:1)
  4 jackals (D:2)
  A quokka (D:1)
  2 ball pythons (D:1)
  3 frilled lizards (D:1)
  4 kobolds (D:1)
  2 rats
43 creatures vanquished.

Notes
Turn   | Place    | Note
-------+----------+-------------------------------------------
     0 | D:1      | lunkers the Meteoran Fighter began the quest for the Orb.
     0 | D:1      | Reached XP level 1. HP: 19/19 MP: 2/2
    45 | D:1      | Reached skill level 3 in Long Blades
    45 | D:1      | Reached XP level 2. HP: 26/26 MP: 3/3
   118 | D:1      | Reached XP level 3. HP: 27/31 MP: 4/4
   147 | D:1      | Reached skill level 4 in Long Blades
   244 | D:1      | You fall into a shaft and drop 1 floor!
   422 | D:2      | Reached XP level 4. HP: 24/38 MP: 5/5
   587 | D:2      | Reached skill level 5 in Long Blades
   603 | D:2      | Found Dakaid's Book Emporium.
   706 | D:3      | Identified the "Waskut"
   765 | D:3      | Noticed Terence
   775 | D:3      | Killed Terence
   776 | D:3      | Reached XP level 5. HP: 32/45 MP: 6/6
   778 | D:3      | Found a burning altar of Makhleb.
   778 | D:3      | Noticed a green death
   868 | D:3      | Reached skill level 6 in Long Blades
   869 | D:3      | Found the +1 Delatra's gloves {ID++}
  1013 | D:3      | Found a runed translucent door.
  1014 | D:3      | Noticed Crazy Yiuf
  1186 | D:3      | Mangled by Crazy Yiuf

Illustrated notes

Levels and vault maps discovered:
D:1:      scummos_arrival_simple_fountains, layout_rooms, item_on_display_a
D:2:      layout_basic, serial_shops, shop, kennysheep_generic_room_11
D:3:      layout_loops_corners, makhleb_altar_promises_db,
          nemelex_diamond_rough_becter, shapermc_ecumenical_altar_hornbeckon,
          corexii_corridor_pit, pf_guarded_unrand_delatra,
          uniq_crazy_yiuf_cottage, uniq_terence

Skill      XL: |  1  2  3  4  5 |
---------------+----------------+-----
Long Blades    | 3 4 5 6 |  6.2
Fighting       | |  3.2
Armour         | |  3.2
Shields        | |  3.2

Action                     |  1- 3 |  4- 6 || total
---------------------------+-------+-------++-------
  Melee: Long sword        |    75 |    63 ||   138
 Armour: Scale mail        |    52 |    58 ||   110
  Dodge: Dodged            |    39 |    25 ||    64
  Block: Buckler           |    16 |    12 ||    28

Table legend: (Time is in decaauts)
 A = Elapsed time spent in this place.
 B = Non-inter-level travel time spent in this place.
 C = Inter-level travel time spent in this place.
 D = Time resting spent in this place.
 E = Time spent auto-exploring this place.
 F = Levels seen in this place.
 G = Mean time per level.
                   A        B        C        D        E       F      G
               +--------+--------+--------+--------+--------+-----+--------+
         Total |   1219 |   1089 |    130 |      0 |    780 |   3 |  406.3 |
       Dungeon |   1219 |   1089 |    130 |      0 |    780 |   3 |  406.3 |
               +--------+--------+--------+--------+--------+-----+--------+

Top non-repeatable levels by time:
     D:3: 490 daAuts
     D:2: 468 daAuts
     D:1: 260 daAuts
